 Dungeon Crawl Stone Soup version 0.22-a0-782-g038298e (webtiles) character file.

33 iamserjio the Conjurer (level 3, 0/19 HPs)
             Began as a Tengu Fire Elementalist on July 20, 2018.
             Slain by a hobgoblin
             ... wielding a +0 club
              (6 damage)
             ... on level 1 of the Dungeon.
             The game lasted 00:03:03 (368 turns).

iamserjio the Conjurer (Tengu Fire Elementalist)     Turns: 368, Time: 00:03:04

Health: 0/19       AC:  2    Str:  8    XL:     3   Next: 29%
Magic:  5/7        EV: 12    Int: 16    God:
Gold:   128        SH:  0    Dex: 14    Spells: 5/6 levels left

rFire    . . .     SeeInvis .   d - +2 dagger (venom)
rCold    . . .     Gourm    .   (no shield)
rNeg     . . .     Faith    .   a - +0 robe
rPois    .         Spirit   .   (helmet restricted)
rElec    .         Reflect  .   (no cloak)
rCorr    .         Harm     .   (no gloves)
MR       .....                  (boots unavailable)
Stlth    ++........             (no amulet)
HPRegen  0.06/turn              (no ring)
MPRegen  0.10/turn              (no ring)

@: no status effects
A: beak, talons 3
a: no special abilities


You were on level 1 of the Dungeon.
You were not hungry.

You visited 1 branch of the dungeon, and saw 2 of its levels.

You collected 128 gold pieces.

Inventory:

Hand Weapons
 d - a +2 dagger of venom (weapon)
Missiles
 f - 7 poisoned needles
 k - 17 sling bullets
Armour
 a - a +0 robe (worn)
Jewellery
 h - an uncursed ring of positive energy {unknown}
Scrolls
 e - 3 scrolls of remove curse {unknown}
 g - a scroll of fog {unknown}
 i - a scroll of random uselessness {unknown}
Potions
 b - a potion of curing {unknown}
 j - a potion of flight {unknown}
Comestibles
 c - 4 rations


   Skills:
 - Level 2.1 Dodging
 - Level 2.0 Stealth
 - Level 2.0 Spellcasting
 + Level 4.1 Conjurations
 + Level 3.3 Fire Magic


You had 5 spell levels left.
You knew the following spells:

 Your Spells              Type           Power        Failure   Level  Hunger
a - Flame Tongue          Conj/Fire      ##...        4%          1    #......

Your spell library contained the following spells:

 Spells                   Type           Power        Failure   Level  Hunger
 Fireball                 Conj/Fire      ##........   77%         5    ######.
 Conjure Flame            Conj/Fire      ##......     13%         3    ###....
 Throw Flame              Conj/Fire      ##....       7%          2    ###....
 Sticky Flame             Conj/Fire      ##......     41%         4    #####..
 Inner Flame              Hex/Fire       #.......     30%         3    ###....


Dungeon Overview and Level Annotations

Branches:
Dungeon (2/15)

Altars:
Ru


Innate Abilities, Weirdness & Mutations

You have a beak for a mouth.
You have claws for feet.


Message History

Aim: a goblin, wielding a dagger (hasn't noticed you)
The flame tongue hits the goblin.
You kill the goblin!
Things that are here:
a dagger; a goblin corpse You hit the hobgoblin.
The hobgoblin is poisoned.
The hobgoblin is heavily wounded.
A hobgoblin comes into view. It is wielding a club.
The hobgoblin hits you but does no damage.
You closely miss the hobgoblin. You peck the hobgoblin.
The hobgoblin is severely wounded.
The hobgoblin hits you with a club.
You hit the hobgoblin.
You kill the hobgoblin!
You see here a club.
You hit the hobgoblin. Your kick misses the hobgoblin.
Your peck misses the hobgoblin.
The hobgoblin is moderately wounded.
The hobgoblin hits you with a club.
You die...

#######
#.....
##..... #
.....# .#
#.##.##..#
#.##.....#
#..)@g..#
#>.!....#
#########


You could see a hobgoblin.

Vanquished Creatures
  An ooze (D:2)
  2 worms (D:2)
  A leopard gecko (D:1)
  3 bats
  A giant cockroach (D:2)
  3 goblins (D:1)
  A hobgoblin (D:1)
  4 jackals (D:1)
  A frilled lizard (D:1)
  A kobold (D:2)
  4 rats
22 creatures vanquished.

Notes
Turn   | Place    | Note
-------+----------+-------------------------------------------
     0 | D:1      | iamserjio the Tengu Fire Elementalist began the quest for the Orb.
     0 | D:1      | Reached XP level 1. HP: 10/10 MP: 4/4
     7 | D:1      | Reached skill level 2 in Conjurations
    50 | D:1      | Reached XP level 2. HP: 6/15 MP: 6/6
    83 | D:1      | Reached skill level 3 in Conjurations
   220 | D:2      | Found a sacrificial altar of Ru.
   306 | D:2      | Reached skill level 4 in Conjurations
   306 | D:2      | Reached XP level 3. HP: 6/19 MP: 4/7
   368 | D:1      | Slain by a hobgoblin

Vault maps used:
D:1:      sevenhm_arrival_forest_fort_small_4, minmay_tetromino_t2
D:2:      minivault_27, nicolae_ru_awakened_eye

Skill      XL: |  1  2 |
---------------+-------+-----
Conjurations   | 2 4 |  4.1
Dodging        | |  2.1
Stealth        | |  2.0
Spellcasting   | |  2.0
Fire Magic     | |  3.3

Action                   || total
-------------------------++-------
Melee: Dagger            ||    24
       Kick              ||     3
       Peck              ||     4
 Cast: Flame Tongue      ||    11
 Stab: Sleeping          ||     3
Armor: Robe              ||     4
Dodge: Dodged            ||     9

Table legend:
 A = Spawn XP
 B = Non-spawn XP
 C = Spawn XP percentage of total XP
 D = Spawn monster count
 E = Non-spawn monster count
 F = Spawn count percentage of total count
 G = Total turns spent on level
                    A         B        C        D         E        F      G
               +---------+---------+-------+---------+---------+-------+---------
         Total |       0 |      48 |   0.0 |       0 |      22 |   0.0 |   368
               +---------+---------+-------+---------+---------+-------+---------
           D:1 |       0 |      24 |   0.0 |       0 |      14 |   0.0 |   181
           D:2 |       0 |      24 |   0.0 |       0 |       8 |   0.0 |   187
               +---------+---------+-------+---------+---------+-------+---------
